 Dungeon Crawl Stone Soup version 0.26-a0-812-g31a745ddcd (webtiles) character file.

Game seed: 13404984000746028105

1045 mkm the Digger (level 8, -4/41 HPs)
             Began as a Gargoyle Earth Elementalist on Dec 7, 2020.
             Killed by divine providence
             ... invoked by an orc priest
              (11 damage)
             ... on level 6 of the Dungeon.
             The game lasted 00:25:45 (8511 turns).

mkm the Digger (Gargoyle Earth Elementalist)        Turns: 8511, Time: 00:25:46

Health: -4/41      AC:  9    Str: 13    XL:     8   Next: 25%
Magic:  16/16      EV: 12    Int: 17    God:
Gold:   289        SH:  0    Dex: 10    Spells: 8/17 levels left

rFire    . . .     SeeInvis .   f - +2 dagger (elec)
rCold    + . .     Faith    .   (no shield)
rNeg     + . .     Spirit   .   c - +0 robe
rPois    ∞         Reflect  .   (no helmet)
rElec    +         Harm     .   (no cloak)
rCorr    .         Rampage  .   m - +1 pair of gloves
MR       .....                  (no boots)
Stlth    ++........             (no amulet)
HPRegen  0.13/turn              o - ring of protection from cold
MPRegen  0.15/turn              j - ring of wizardry

@: no status effects
A: negative energy resistance 1, electricity resistance, unbreathing,
petrification resistance, rot immunity, AC +5
a: no special abilities


You were on level 6 of the Dungeon.
You visited 1 branch of the dungeon, and saw 6 of its levels.
You also visited: Sewer.

You collected 289 gold pieces.

Inventory:

Hand Weapons
 f - a +2 dagger of electrocution (weapon)
Missiles
 b - 157 stones (quivered)
Armour
 c - a +0 robe (worn)
 m - a +1 pair of gloves (worn)
Jewellery
 j - a ring of wizardry (right hand)
 o - a ring of protection from cold (left hand)
Wands
 x - a wand of digging (3)
Scrolls
 d - 3 scrolls of identify
 e - a scroll of enchant armour
 p - 8 scrolls of remove curse {unknown}
 r - 2 scrolls of fear
 t - a scroll of random uselessness {unknown}
 v - a scroll of enchant weapon {unknown}
 w - a scroll of magic mapping {unknown}
 y - a scroll of teleportation
Potions
 a - a potion of attraction {unknown}
 g - 2 potions of ambrosia
 h - a potion of magic
 i - 2 potions of brilliance {unknown}
 k - 4 potions of curing {unknown}
 l - 9 potions of heal wounds {unknown}
 n - a potion of cancellation {unknown}
 q - 3 potions of flight {unknown}
 s - 2 potions of might {unknown}
 u - 2 potions of mutation {unknown}
 z - a potion of haste {unknown}


   Skills:
 - Level 1.5 Dodging
 - Level 2.1 Stealth
 + Level 5.4 Spellcasting
 + Level 5.3 Conjurations
   Level 0.7 Transmutations
 + Level 7.6 Earth Magic


You had 8 spell levels left.
You knew the following spells:

 Your Spells              Type           Power        Failure   Level
a - Sandblast             Erth           ####..       1%          1
b - Stone Arrow           Conj/Erth      ####..       1%          3
c - Lee's Rapid Deconstr  Erth           ####......   7%          5

Your spell library contained the following spells:

 Spells                   Type           Power        Failure   Level
 Passwall                 Tmut/Erth      ###.....     1%          2
 Petrify                  Tmut/Erth      ###.....     10%         4
 Confusing Touch          Hex            #.......     16%         3
 Gell's Gravitas          Tloc           #.........   16%         3
 Yara's Violent Unravell  Hex/Tmut       #.........   75%         5
 Metabolic Englaciation   Hex/Ice        #.........   80%         5


Dungeon Overview and Level Annotations

Branches:
Dungeon (6/15)              Sewer (visited)
 Temple: D:4-7

Altars:
Ashenzari
Gozag
Hepliaklqana
Kikubaaqudgha
Nemelex Xobeh
Okawaru
Sif Muna
Xom
Yredelemnul
The Shining One

Annotations:
D:6 3 runed translucent doors, kae's ghost, novice NaTm


Innate Abilities, Weirdness & Mutations

You are resistant to torment.
Your stone body is resilient. (AC +5)
You are immune to poison.
You resist negative energy. (rN+)
You are resistant to electric shocks. (rElec)
You can survive without breathing.
You are immune to petrification.
You are immune to rotting.


Message History

The orc enters a dispersal trap!
The orc priest blinks!
The orc warrior blinks!
The orc priest blinks! x2; You blink.
The orc blinks!
The orc shouts!
Casting: Lee's Rapid Deconstruction (quite dangerous; 7% risk of failure)
Confirm with . or Enter, or press ? or * to list all spells.
The spell is quite dangerous to cast (7% risk of failure)!
Continue anyway?
Press: ? - help, Dir - move target cursor A rock wall.
Okay, then.
The hound stops to sniff the ground.
The orc shouts!
There is a stone staircase leading up here.
A wight comes into view. It is wielding a +0 trident.
There is a stone staircase leading up here.
The orc warrior hits you with a +2 vorpal scimitar!
* * * LOW HITPOINT WARNING * * *
x2 The orc barely misses you.
The orc priest mumbles some strange prayers to Beogh against you.
Beogh smites you!
You die...

#...##......##.
#.(###.......... ..
.(.###........z.## ... #..
.(..##........... .. #...
................. .##....
.....o..........###.#.....
.#............#..........
.#.......###.##.o.....#
..........####..@o....##..
.....##..[#...o...........
.....#......^.o<.........#
........>.......#).##..###
................#.## ##
................#.#
.........##.....#..#
##................#
##.....#########....


You could see an orc warrior, a wight (wandering), an orc priest and 2 orcs.

Vanquished Creatures
  An ogre (D:4)
  2 phantoms
  A centaur (D:6)
  2 scorpions (D:4)
  2 howler monkeys
  A quasit (D:5)
  2 bullfrog skeletons (D:4)
  A centaur skeleton (D:5)
  An iguana (D:4)
  An orc wizard (D:4)
  A worker ant (D:4)
  A howler monkey zombie (D:5)
  14 adders
  3 gnolls (D:5)
  A howler monkey skeleton (D:5)
  2 river rats (Sewer)
  3 shadow imps (D:5)
  2 white imps
  2 oozes
  An adder skeleton (D:4)
  5 worms
  11 orcs
  3 bats (D:2)
  3 giant cockroaches
  3 goblins
  3 jackals (D:3)
  18 kobolds
  5 ball pythons
  5 frilled lizards
  A leopard gecko zombie (D:6)
  24 rats
125 creatures vanquished.

Notes
Turn   | Place    | Note
-------+----------+-------------------------------------------
     0 | D:1      | mkm the Gargoyle Earth Elementalist began the quest for the
                  | Orb.
     0 | D:1      | Reached XP level 1. HP: 10/10 MP: 3/3
   295 | D:1      | You fall into a shaft and drop 1 floor!
   795 | D:2      | Reached skill level 4 in Earth Magic
   795 | D:2      | Reached XP level 2. HP: 15/15 MP: 1/5
  1536 | D:2      | Found a broken altar of Ashenzari.
  1536 | D:2      | Found an iron altar of Okawaru.
  1541 | D:2      | Found a basalt altar of Yredelemnul.
  1543 | D:2      | Found a glowing golden altar of the Shining One.
  1545 | D:2      | Found an ancient bone altar of Kikubaaqudgha.
  1625 | D:3      | Found a glowing drain.
  1630 | Sewer    | Entered a sewer
  1682 | Sewer    | Reached XP level 3. HP: 18/19 MP: 1/7
  1756 | Sewer    | Learned a level 3 spell: Stone Arrow
  2147 | Sewer    | Reached skill level 1 in Conjurations
  2147 | Sewer    | Reached XP level 4. HP: 19/24 MP: 4/8
  2797 | Sewer    | Reached skill level 5 in Earth Magic
  3148 | D:3      | Reached XP level 5. HP: 28/28 MP: 7/9
  3158 | D:3      | Learned a level 5 spell: Lee's Rapid Deconstruction
  3579 | D:3      | Found a sparkling altar of Nemelex Xobeh.
  4215 | D:4      | Reached XP level 6. HP: 32/32 MP: 5/11
  4265 | D:4      | Found a shimmering blue altar of Sif Muna.
  4266 | D:4      | Found a sparkling altar of Nemelex Xobeh.
  4442 | D:4      | Reached skill level 6 in Earth Magic
  5119 | D:4      | Reached XP level 7. HP: 33/36 MP: 4/13
  6352 | D:4      | Found an opulent altar of Gozag.
  6381 | D:5      | Entered Level 5 of the Dungeon
  6831 | D:5      | Reached skill level 7 in Earth Magic
  7691 | D:5      | Reached skill level 5 in Spellcasting
  7691 | D:5      | Reached XP level 8. HP: 40/41 MP: 0/15
  7834 | D:5      | Found a hazy altar of Hepliaklqana.
  7835 | D:5      | Found a shimmering altar of Xom.
  7836 | D:5      | Noticed a spectral ugly thing
  8045 | D:6      | Found a runed translucent gate.
  8045 | D:6      | Noticed kae's ghost (novice NaTm)
  8046 | D:6      | Found a runed translucent gate.
  8046 | D:6      | Found a runed translucent gate.
  8130 | D:6      | Reached skill level 5 in Conjurations
  8511 | D:6      | Killed from afar by an orc priest

Illustrated notes

Levels and vault maps discovered:
D:1:      minmay_arrival_semitransparent, layout_basic, fountainhead,
          roderic_serpentine_path, hangedman_decor_growths
D:2:      layout_basic, chequers_temple_overflow_minitemple
D:3:      layout_basic, gup_sewer_entry_bowl, nemelex_diamond_rough_becter
D:4:      layout_gridville, kennysheep_little_box, grunt_temple_overflow_open
D:5:      layout_loops_ring, regret_index_temple_of_mockery
D:6:      layout_cave_pools, gammafunk_ghost_split, minmay_misc_feat_encased,
          kennysheep_minor_cross, hex_tiny

Skill      XL: |  1  2  3  4  5  6  7  8 |
---------------+-------------------------+-----
Earth Magic    | 4 5 6 7 |  7.6
Conjurations   | 1 2 3 4 5 |  5.3
Spellcasting   | 3 4 5 |  5.4
Dodging        | |  1.5
Stealth        | |  2.1
Transmutations | |  0.7

Action                   |  1- 3 |  4- 6 |  7- 9 || total
-------------------------+-------+-------+-------++-------
Melee: Club              |     8 |       |       ||     8
       Dagger            |    56 |    17 |     2 ||    75
 Cast: Sandblast         |    36 |    57 |    15 ||   108
       Stone Arrow       |       |    25 |    37 ||    62
       Lee's Rapid Decon |       |     1 |    12 ||    13
  Use: Scroll            |     4 |     2 |       ||     6
       Potion            |       |     2 |       ||     2
 Stab: Sleeping          |     1 |       |       ||     1
Armor: Robe              |    31 |    18 |     8 ||    57
Dodge: Dodged            |    46 |    44 |    23 ||   113

Table legend: (Time is in decaauts)
 A = Elapsed time spent in this place.
 B = Non-inter-level travel time spent in this place.
 C = Inter-level travel time spent in this place.
 D = Time resting spent in this place.
 E = Time spent auto-exploring this place.
 F = Levels seen in this place.
 G = Mean time per level.
                   A        B        C        D        E       F      G
               +--------+--------+--------+--------+--------+-----+--------+
         Total |   8542 |   8364 |    178 |   2119 |   5010 |   7 | 1220.3 |
       Dungeon |   7037 |   6859 |    178 |   1893 |   4094 |   6 | 1172.8 |
         Sewer |   1504 |   1504 |      0 |    226 |    916 |   1 | 1504.0 |
               +--------+--------+--------+--------+--------+-----+--------+

Top non-repeatable levels by time:
     D:4: 2411 daAuts
   Sewer: 1504 daAuts
     D:5: 1394 daAuts
     D:3: 1335 daAuts
     D:2: 1022 daAuts
     D:1: 580 daAuts
     D:6: 294 daAuts
